 Dungeon Crawl Stone Soup version 0.30-a0-930-gb9d0489357 (webtiles) character file.

Game seed: 2350505000819006513

182 Esekla the Covert (level 5, -2/37 HPs)
             Began as an Octopode Delver on Mar 23, 2023.
             Succumbed to a scorpion's poison
             ... on level 6 of the Dungeon.
             The game lasted 00:16:07 (2163 turns).

Esekla the Covert (Octopode Delver)                 Turns: 2163, Time: 00:16:08

Health: -2/37      AC:  1    Str: 21    XL:     5   Next: 61%
Magic:  7/7        EV: 13    Int: 13    God:
Gold:   93         SH:  5    Dex: 13    Spells: 7/7 levels left

rFire   . . .      SeeInvis .    s - +0 dagger
rCold   . . .      Faith    .    (no shield)
rNeg    + . .      Spirit   .    (helmet restricted)
rPois   .          Reflect  +    e - amulet of reflection
rElec   .          Rampage  .    c - +6 ring of strength
rCorr   .                        n - ring of positive energy
Will    .....                    (no ring)
Stlth   +++++                    (no ring)
HPRegen 1.06/turn                (no ring)
MPRegen 0.10/turn                (no ring)
                                 (no ring)
                                 (no ring)

@: lethally poisoned (-2 -> -10)
A: almost no armour, amphibious, 8 rings, camouflage 1, gelatinous body 1,
(nimble swimmer 1), tentacles, tentacle spike 1, regeneration 1, strong 1
a: no special abilities


You were on level 6 of the Dungeon.
You visited 2 branches of the dungeon, and saw 4 of its levels.

You collected 93 gold pieces.

Inventory:

Hand Weapons
 a - a +1 falchion
 o - a +0 spear
 s - a +0 dagger (weapon)
Missiles
 i - 7 poisoned darts (quivered)
Jewellery
 c - a +6 ring of strength (left tentacle)
 e - an amulet of reflection (around mantle)
 n - a ring of positive energy (right tentacle)
Wands
 f - a wand of digging (2)
 j - a wand of flame (3)
Scrolls
 b - 2 scrolls of fog
 h - a scroll of enchant weapon
Potions
 k - a potion of curing
 p - a potion of brilliance


   Skills:
 * Level 3.9 Fighting
 + Level 0.1(1.5) Short Blades
 * Level 2.6 Long Blades
 * Level 2.6 Dodging
 + Level 8.0 Stealth
 * Level 1.7 Spellcasting


You had 7 spell levels left.
You didn't know any spells.
Your spell library contained the following spells:

 Spells                   Type           Power      Damage    Failure   Level
 Static Discharge         Conj/Air       2%         2-3/arc   36%         2
 Kindle Blastsparks       Fire/Tloc/Air  2%         2d10      61%         3
 Vhi's Electric Charge    Tloc/Air       2%         N/A       61%         3
 Fulminant Prism          Conj/Hex       0%         3d5       95%         4
 Iskenderun's Mystic Bla  Conj/Tloc      1%         2d3       95%         4
 Arcjolt                  Conj/Air       0%         1d10      100%        5
 Lee's Rapid Deconstruct  Erth           0%         3d4*      100%        5
 Plasma Beam              Fire/Air       0%         2x1d11    100%        5


Dungeon Overview and Level Annotations

Branches:
Dungeon (6/15)             Temple (1/1) D:5

Altars:
Ashenzari
Dithmenos
Fedhas
Gozag
Hepliaklqana
Kikubaaqudgha
Nemelex Xobeh
Qazlal
Ru
Trog
Uskayaw
Xom
Zin

Shops:
D:6 *


Innate Abilities, Weirdness & Mutations

You cannot wear most types of armour.
You are amphibious.
You can wear up to eight rings at the same time.
Your skin changes colour to match your surroundings (Stealth+).
Your rubbery body absorbs attacks. (AC +1, EV +1)
((You are camouflaged when in or above water. (Stealth+)))
You have tentacles for arms and can constrict up to eight enemies at once.
One of your tentacles bears a spike.
Your natural rate of healing is unusually fast.
Your muscles are strong. (Str +4, Int/Dex -1)


Message History

You drop a scroll of noise.
As you read the scroll labelled RAURPH BONO, it crumbles to dust.
You feel strangely unstable.
It was a scroll of teleportation.
You start waiting.
Your surroundings suddenly seem different.
(D) Dungeon (T) Temple
Where to? (Enter - D:6, ? - help)
There is a stone staircase leading down here.
You climb downwards.
There is a stone staircase leading up here.
s - a +0 dagger (weapon)
An orc comes into view. It is wielding a +0 short sword.
The centaur shouts!
The orc shouts!
You block the centaur's attack. The centaur kicks you.
The orc moves out of view.
You hit the centaur but do no damage.
The centaur zaps a wand.
The roots erupt in riotous growth!
The grasping roots grab you!
The centaur is unaffected.
The grasping roots constrict you. The centaur hits you. The centaur kicks you.
The grasping roots constrict you.
You escape the roots grasp.
The scorpion attacks as you move away! The scorpion stings you.
You are poisoned.
The scorpion poisons you!
You feel sick.
The centaur wields a +0 shortbow.
The centaur shoots an arrow.
The arrow hits you!
* * * LOW HITPOINT WARNING * * *
You feel sick.
Okay, then.
Okay, then.
As you read the scroll of fear, it crumbles to dust.
You assume a fearsome visage.
The centaur looks frightened!
The scorpion resists with some effort.
You feel sick.
The centaur gives up.
The scorpion stings you but does no damage.
You feel sick. The scorpion attacks as you move away! The scorpion stings you.
* * * LOW HITPOINT WARNING * * *
You are more poisoned.
The scorpion poisons you!
You die...

#........##.##
#...≈...##.#.###
#.........###..#
#.########.#.#.#
#.....# ##.##.#
#####.#####.##.#
###.>.......#.##<#
#.....#.###.#.##.#
#.###.#.# #.##@#
..# #<..# # #.##.#
#.###.#####.#.##s#
#.....##......##o##
###.####.# #o....#
###.# #.# #..##..#
..#.####.##.#..#
#.#
#.#........Pc≈.≈
...
#.######.##.#≈.≈
##.#


You could see a scorpion and an orc.

Vanquished Creatures
  4 hounds
  4 adders
  A white imp (D:5)
  An ufetubus (D:4)
  4 orcs
  A giant cockroach (D:4)
  A kobold (D:4)
  A quokka (D:4)
  A ball python (D:4)
18 creatures vanquished.

Vanquished Creatures (others)
  2 plants (D:6)
2 creatures vanquished.

Grand Total: 20 creatures vanquished

Notes
Turn   | Place    | Note
-------+----------+-------------------------------------------
     0 | D:5      | Esekla the Octopode Delver began the quest for the Orb.
     0 | D:5      | Reached XP level 1. HP: 16/16 MP: 1/1
    54 | D:5      | Found an opulent altar of Gozag.
   133 | D:5      | Reached XP level 2. HP: 3/21 MP: 2/2
   135 | D:5      | Noticed an ogre
   227 | D:5      | Noticed a scorpion
   257 | D:5      | Found a staircase to the Ecumenical Temple.
   273 | Temple   | Entered the Ecumenical Temple
   473 | D:5      | Noticed a black bear
   743 | D:5      | Noticed a hornet
   905 | D:5      | Gained mutation: You have hidden genetic potential. [potion
                  | of mutation]
   905 | D:5      | Gained mutation: Your muscles are strong. (Str +4, Int/Dex
                  | -1) [potion of mutation]
   984 | D:5      | Reached skill level 7 in Stealth
   984 | D:5      | Reached XP level 3. HP: 26/26 MP: 3/3
  1198 | D:5      | Gained mutation: One of your tentacles bears a spike.
                  | [hidden potential]
  1456 | D:4      | Reached skill level 1 in Spellcasting
  1456 | D:4      | Reached XP level 4. HP: 19/33 MP: 5/5
  1462 | D:4      | Gained mutation: Your natural rate of healing is unusually
                  | fast. [hidden potential]
  1462 | D:4      | Lost mutation: You have hidden genetic potential. [hidden
                  | potential expressed]
  1530 | D:4      | Reached XP level 5. HP: 37/37 MP: 5/7
  1610 | D:4      | Noticed a black bear
  1975 | D:6      | Found Jixtaona's Elemental Accessories.
  2056 | D:6      | Reached skill level 8 in Stealth
  2062 | D:6      | Noticed a centaur
  2088 | D:6      | Noticed a centaur
  2163 | D:6      | HP: 1/37 [scorpion (5)]
  2163 | D:6      | Succumbed to a scorpion's poison

Illustrated notes

Levels and vault maps discovered:
D:4:      layout_cave_pools
D:5:      layout_loops_corners, general_overflow_altar,
          minmay_temple_entry_offerings, hangedman_decor_diamond_cutter
D:6:      layout_loops_ring, nicolae_elyvilon_temple_path,
          gammafunk_ghost_smash, kennysheep_nondescript, nicolae_elemental_shop,
          hangedman_decor_growths, minivault_14, roderic_serpentine_path,
          mumra_transporter_accident
Temple:   minmay_temple_bridge_abc

Skill      XL: |  1  2  3  4  5 |
---------------+----------------+-----
Stealth        | 7 8 |  8.0
Spellcasting   | 1 |  1.7
Fighting       | |  3.9
Short Blades   | |  0.1
Long Blades    | |  2.6
Dodging        | |  2.6

Action                     |  1- 3 |  4- 6 || total
---------------------------+-------+-------++-------
  Melee: Falchion          |    15 |       ||    15
         Constrict         |     4 |     3 ||     7
         Kick              |     2 |     2 ||     4
         Tentacles         |     1 |     3 ||     4
         Dagger            |       |    18 ||    18
  Evoke: Wand              |     1 |       ||     1
    Use: Scroll            |     3 |     4 ||     7
         Potion            |     4 |     3 ||     7
   Stab: Sleeping          |     2 |     8 ||    10
 Armour: Skin              |     1 |     2 ||     3
  Dodge: Dodged            |    10 |    10 ||    20
  Block: Other             |     1 |     3 ||     4

Table legend: (Time is in decaauts)
 A = Elapsed time spent in this place.
 B = Non-inter-level travel time spent in this place.
 C = Inter-level travel time spent in this place.
 D = Time resting spent in this place.
 E = Time spent auto-exploring this place.
 F = Levels seen in this place.
 G = Mean time per level.
                   A        B        C        D        E       F      G
               +--------+--------+--------+--------+--------+-----+--------+
         Total |   2147 |   2110 |     37 |    243 |    106 |   4 |  536.8 |
       Dungeon |   2008 |   1972 |     36 |    243 |      2 |   3 |  669.3 |
        Temple |    139 |    138 |      1 |      0 |    104 |   1 |  139.0 |
               +--------+--------+--------+--------+--------+-----+--------+

Top non-repeatable levels by time:
     D:5: 1454 daAuts
     D:4: 372 daAuts
     D:6: 181 daAuts
  Temple: 139 daAuts
